 Dungeon Crawl Stone Soup version 0.30-a0-269-gf0224bf7b6 (webtiles) character file.

Game seed: 15446113555318933195

6076 slphil the Cleaver (level 10, -8/72 HPs)
             Began as a Hill Orc Fighter on Oct 14, 2022.
             Was a Believer of Makhleb.
             Mangled by a hell hog (11 damage)
             ... on level 2 of the Abyss.
             The game lasted 00:18:28 (8705 turns).

slphil the Cleaver (Hill Orc Fighter)               Turns: 8705, Time: 00:18:28

Health: -8/72      AC: 24    Str: 23 (24) XL:     10   Next: 88%
Magic:  14/14      EV:  6    Int:  3 (4)  God:    Makhleb [**....]
Gold:   456        SH: 10    Dex:  9 (10) Spells: 9/9 levels left

rFire   . . .      SeeInvis .    O - +4 war axe
rCold   + . .      Faith    .    c - +0 buckler
rNeg    . . .      Spirit   .    P - +10 plate armour {ponderous}
rPois   .          Reflect  +    d - +2 helmet
rElec   .          Harm     .    A - +0 cloak
rCorr   .          Rampage  .    (no gloves)
Will    .....                    g - +0 pair of boots
Stlth   ..........               C - amulet of reflection
HPRegen 0.32/turn                n - ring of flight
MPRegen 0.14/turn                H - ring of protection from cold

@: flying, unable to drink, slow
A: [deformed body], [deterioration 2], [dopey 2], [frail 2], [screaming 2],
[subdued magic 3], [inability to drink after injury 2]
a: Renounce Religion, Minor Destruction


You were on level 2 of the Abyss.
You worshipped Makhleb.
Makhleb was pleased with you.
You visited 2 branches of the dungeon, and saw 10 of its levels.
You visited the Abyss 1 time.
You also visited: Sewer.

You collected 456 gold pieces.

Inventory:

Hand Weapons
 a - a +1 war axe
 h - a +4 trident
 N - a +5 flail
 O - a +4 war axe (weapon)
Armour
 b - a +0 scale mail
 c - a +0 buckler (worn)
 d - a +2 helmet (worn)
 g - a +0 pair of boots (worn)
 A - a +0 cloak (worn)
 P - a +10 plate armour of ponderousness (worn)
 Q - the +1 pair of boots "Dareffuete" {rF++ Str-5 Int+4}
   (You found it on level 8 of the Dungeon)

   Str:       It affects your strength (-5).
   Int:       It affects your intelligence (+4).
   rF:        It greatly protects you from fire.
Jewellery
 n - a ring of flight (left hand)
 o - a ring of fire
 r - a ring of wizardry
 C - an amulet of reflection (around neck)
 H - a ring of protection from cold (right hand)
 K - a ring of willpower
 R - an amulet of the acrobat
Wands
 D - a wand of flame (25)
 L - a wand of iceblast (10)
Scrolls
 e - a scroll of fear
 j - a scroll of teleportation
 t - a scroll of torment {unknown}
 v - a scroll of poison {unknown}
 y - a scroll of enchant armour {unknown}
 B - 2 scrolls of fog {unknown}
 E - a scroll of amnesia {unknown}
 F - a scroll of brand weapon {unknown}
 G - a scroll of vulnerability {unknown}
 I - a scroll of enchant weapon
Potions
 f - 3 potions of brilliance
 i - 2 potions of berserk rage {unknown}
 k - a potion of flight {unknown}
 l - 2 potions of cancellation
 m - 3 potions of mutation
 p - a potion of invisibility {unknown}
 q - 2 potions of lignification
 w - a potion of magic {unknown}
 x - 2 potions of haste {unknown}
 z - 4 potions of curing
 J - 2 potions of ambrosia {unknown}


   Skills:
 + Level 9.0 Fighting
 * Level 12.8 Axes
 + Level 8.2 Armour
 + Level 8.2 Shields
 * Level 6.1 Invocations


You had 9 spell levels left.
You didn't know any spells.
Your spell library contained the following spells:

 Spells                   Type           Power      Damage    Failure   Level
 Slow                     Hex            0%         N/A       100%        1
 Cigotuvi's Dreadful Rot  Necr/Pois/Air  0%         N/A       100%        2
 Confusing Touch          Hex            0%         N/A       100%        3
 Vampiric Draining        Necr           0%         2d6       100%        3
 Dispel Undead            Necr           0%         3d6       100%        4
 Leda's Liquefaction      Hex/Erth       0%         N/A       100%        4
 Petrify                  Tmut/Erth      0%         N/A       100%        4
 Lee's Rapid Deconstruct  Erth           0%         3d5*      100%        5
 Metabolic Englaciation   Hex/Ice        0%         N/A       100%        5
 Death Channel            Necr           0%         N/A       100%        6
 Statue Form              Tmut/Erth      0%         N/A       100%        6


Dungeon Overview and Level Annotations

Branches:
Dungeon (9/15)             Temple (1/1) D:7           Sewer (visited)
   Lair: D:8-11         Orc: D:9-12

Altars:
Ashenzari
Dithmenos
Elyvilon
Fedhas
Gozag
Hepliaklqana
Kikubaaqudgha
Makhleb
Nemelex Xobeh
Okawaru
Qazlal
Ru
Sif Muna
Trog
Uskayaw
Vehumet
Wu Jian
Yredelemnul
The Shining One

Shops:
D:1 !   D:4 [   D:8 *

Annotations:
D:2 1 runed translucent door, Crazy Yiuf
D:9 Erolcha


Innate Abilities, Weirdness & Mutations

[Armour fits poorly on your strangely shaped body.]
[Your body often deteriorates upon taking damage.]
[You are very dopey. (Int -4)]
[You are very frail. (-20% HP)]
[You frequently scream uncontrollably at your foes.]
[Your spells are much easier to cast, but much less powerful.]
[You sometimes lose the ability to drink potions when taking damage.]


Message History

The shard shrike zombie claws you.
The shard shrike zombie claws you but does no damage.
You slice the shard shrike zombie!!
The shard shrike zombie is lightly damaged.
You block the shard shrike zombie's attack.
You closely miss the hell hog.
The hell hog bites you but does no damage.
You closely miss the hell hog. The hell hog breathes fire at you.
The fireball explodes!
The fireball engulfs you!!
Your body deteriorates!
You feel dopey.
The fireball engulfs the hell hog.
The hell hog completely resists.
You hear an angry squeal.
You slice the hell hog!!
The hell hog is moderately wounded.
You hear an angry squeal.
You block the hell hog's attack.
Unknown command.
You barely miss the hell hog.
The hell hog is moderately wounded.
The hell hog bites you but does no damage.
You slash the hell hog!
The hell hog is heavily wounded.
The hell hog closely misses you. The hell hog bites you!
You slash the hell hog!
The hell hog is severely wounded.
The hell hog bites you but does no damage.
Unknown command.
You slash the hell hog!
The hell hog is almost dead.
The hell hog breathes fire at you.
The fireball explodes!
The fireball engulfs you!!!
You feel threatened and lose the ability to drink potions!
Ouch! That really hurt!
* * * LOW HITPOINT WARNING * * *
The fireball engulfs the hell hog.
The hell hog completely resists.
You barely miss the hell hog.
The hell hog is almost dead.
The hell hog closely misses you. The hell hog bites you!
You die...

###
##.##
##...##
.....#
##h...#
#@##..#
###.###
#.....#
# .h..#
#.....#
#...h.#
#......
#####...
# . ...


You could see a hell hog (catching breath).

Vanquished Creatures
  Pikel (D:7)
  An ugly thing (D:8)
  Joseph (D:7)
  Prince Ribbit (D:9)
  Menkaure (D:6)
  Duvessa (D:7)
  Edmund (D:5)
  A water moccasin (D:6)
  4 orc warriors
  4 ice beasts
  2 black bears (D:6)
  An ogre (D:8)
  6 centaurs
  2 phantoms (D:5)
  3 bullfrogs
  A necrophage (D:6)
  3 scorpions
  Dowan (D:7)
  17 wights
  6 killer bees (D:8)
  2 howler monkeys
  7 jellies
  4 hounds
  2 orc priests
  Terence (D:3)
  3 iguanas
  4 orc wizards
  Robin (D:3)
  18 adders
  3 river rats (Sewer)
  2 white imps
  6 worms
  2 dart slugs
  31 orcs
  8 ball pythons
  5 bats
  13 endoplasms
  8 giant cockroaches
  15 goblins
  8 hobgoblins
  2 jackals (D:3)
  7 quokkas
  6 frilled lizards
  8 kobolds
  8 rats
  A lurking horror (Abyss:2)
233 creatures vanquished.

Notes
Turn   | Place    | Note
-------+----------+-------------------------------------------
     0 | D:1      | slphil the Hill Orc Fighter began the quest for the Orb.
     0 | D:1      | Reached XP level 1. HP: 19/19 MP: 1/1
    26 | D:1      | Upgraded the game from 0.30-a0-263-ge22c4ad894 to
                  | 0.30-a0-269-gf0224bf7b6
   151 | D:1      | Reached skill level 3 in Axes
   216 | D:1      | Reached XP level 2. HP: 27/27 MP: 2/2
   570 | D:1      | Found Ygatz's Distillery.
   576 | D:1      | Reached XP level 3. HP: 33/33 MP: 3/3
   957 | D:2      | Found a faded altar of an unknown god.
   957 | D:2      | Noticed an eye of devastation
   961 | D:2      | Noticed an eye of devastation
   961 | D:2      | Noticed a floating eye
   961 | D:2      | Noticed an eye of devastation
  1098 | D:2      | Reached skill level 4 in Axes
  1098 | D:2      | Reached XP level 4. HP: 39/40 MP: 4/4
  1186 | D:2      | Found a runed translucent door.
  1187 | D:2      | Noticed Crazy Yiuf
  1870 | D:3      | Reached XP level 5. HP: 41/47 MP: 5/5
  1911 | D:3      | Noticed Robin
  1941 | D:3      | Killed Robin
  2215 | D:3      | Reached skill level 5 in Axes
  2228 | D:3      | Noticed Terence
  2236 | D:3      | Killed Terence
  2531 | D:4      | Reached XP level 6. HP: 35/53 MP: 6/6
  2812 | D:4      | You are sucked into a shaft and drop 1 floor!
  2812 | D:5      | Entered Level 5 of the Dungeon
  2917 | D:4      | Found a glowing drain.
  2926 | Sewer    | Entered a sewer
  3072 | Sewer    | Reached skill level 6 in Axes
  3094 | Sewer    | Found a viscous altar of Jiyva.
  3098 | Sewer    | Reached skill level 5 in Fighting
  3190 | Sewer    | Reached XP level 7. HP: 57/61 MP: 7/7
  3412 | D:4      | Found Rostam's Dragon-Slaying Spoils.
  3766 | D:5      | Reached skill level 7 in Axes
  3766 | D:5      | Reached skill level 5 in Armour
  3766 | D:5      | Reached skill level 5 in Shields
  3867 | D:5      | Found a blossoming altar of Fedhas.
  4045 | D:5      | Reached XP level 8. HP: 67/70 MP: 8/8
  4444 | D:6      | Reached skill level 8 in Axes
  4618 | D:6      | Found a radiant altar of Vehumet.
  4673 | D:6      | Reached skill level 9 in Axes
  4995 | D:6      | Reached XP level 9. HP: 23/78 MP: 9/9
  5196 | D:6      | Noticed Edmund
  5196 | D:6      | Noticed Menkaure
  5219 | D:5      | Killed Edmund
  5298 | D:6      | Killed Menkaure
  5299 | D:6      | Reached skill level 10 in Axes
  5916 | D:7      | Noticed Pikel
  5961 | D:7      | Killed Pikel
  5962 | D:7      | Reached skill level 11 in Axes
  6100 | D:7      | Found a staircase to the Ecumenical Temple.
  6105 | Temple   | Entered the Ecumenical Temple
  6283 | Temple   | Became a worshipper of Makhleb the Destroyer
  6356 | D:7      | Noticed Duvessa
  6358 | D:7      | Noticed Joseph
  6358 | D:7      | Noticed Dowan
  6371 | D:7      | Killed Duvessa
  6372 | D:7      | Reached skill level 1 in Invocations
  6378 | D:7      | Killed Joseph
  6379 | D:7      | Reached XP level 10. HP: 56/88 MP: 9/11
  6390 | D:7      | Killed Dowan
  7138 | D:8      | Reached skill level 12 in Axes
  7348 | D:8      | Reached * piety under Makhleb
  7518 | D:8      | Identified the +1 pair of boots "Dareffuete" {rF++ Str-5
                  | Int+4}
  7657 | D:8      | Reached skill level 5 in Invocations
  7716 | D:8      | Reached ** piety under Makhleb
  7876 | D:8      | Noticed a purple ugly thing
  7887 | D:8      | Killed a purple ugly thing
  8103 | D:8      | Found Bockorchi's Changing Room.
  8193 | D:9      | Noticed Prince Ribbit
  8203 | D:9      | Killed Prince Ribbit
  8253 | D:9      | Noticed Erolcha
  8275 | Abyss:2  | Cast into level 2 of the Abyss (Erolcha)
  8367 | Abyss:2  | Noticed a wretched star
  8368 | Abyss:2  | Noticed a large abomination
  8376 | Abyss:2  | Noticed a large abomination
  8380 | Abyss:2  | Noticed an orange demon
  8382 | Abyss:2  | Noticed a cacodemon
  8384 | Abyss:2  | Noticed an apocalypse crab
  8389 | Abyss:2  | HP: 2/72 [large abomination (15)]
  8408 | Abyss:2  | Noticed a guardian serpent
  8408 | Abyss:2  | Noticed a naga warrior
  8689 | Abyss:2  | Noticed a hell hog
  8689 | Abyss:2  | Noticed a shard shrike zombie
  8704 | Abyss:2  | HP: 3/72 [hell hog/fireball (41)]
  8705 | Abyss:2  | Mangled by a hell hog

Illustrated notes

Levels and vault maps discovered:
D:1:      scummos_arrival_simple_fountains, layout_basic, serial_shops,
          nicolae_shop_advertising_works [nicolae_subvault_shop_adworks],
          chequers_serial_rivers_micro_e, solitary_fountain
D:2:      layout_loops_ring, hellmonk_ecumenical_altar_watching_god,
          kennysheep_flooded_box, uniq_crazy_yiuf_cottage
D:3:      layout_basic, chequers_serial_rivers_large_b, uniq_robin, uniq_terence
D:4:      dreamdust_elfheim, layout_cave_pools, cheibrodos_sewer_entry_bend,
          nicolae_shop_dragon_depot
D:5:      layout_basic, fedhas_altar_2
D:6:      layout_loops_ring, vehumet_altar_wand_db, uniq_edmund, uniq_menkaure
D:7:      layout_cave_pools, temple_doors_ab, uniq_joseph, uniq_duvessa,
          uniq_pikel
D:8:      layout_layer_cave, special_room [special_room_orc],
          nicolae_transmutations_shop
D:9:      layout_loops_corners, uniq_grum, uniq_prince_ribbit1, uniq_erolcha,
          uniq_amaemon
Temple:   minmay_crystal_spiral_temple
Abyss:2:  base: Temple, hangedman_steaming_rock

Skill      XL: |  1  2  3  4  5  6  7  8  9 10 |
---------------+-------------------------------+-----
Axes           | 3 4 5 6 7 9 11 12 | 12.8
Fighting       | 4 5 6 8 9 |  9.0
Armour         | 4 5 6 7 8 |  8.2
Shields        | 4 5 6 7 8 |  8.2
Invocations    | 2 6 |  6.1

Action                   |  1- 3 |  4- 6 |  7- 9 | 10-12 || total
-------------------------+-------+-------+-------+-------++-------
Melee: War axe           |   116 |   196 |   268 |   204 ||   784
Evoke: Wand              |       |       |       |     1 ||     1
  Use: Scroll            |       |     5 |     3 |     3 ||    11
       Potion            |       |     1 |     2 |     2 ||     5
Armor: Scale mail        |    61 |   109 |   104 |    17 ||   291
       Plate armour      |       |       |       |    97 ||    97
Dodge: Dodged            |    45 |    90 |    96 |    58 ||   289
Block: Buckler           |    15 |    46 |    96 |   138 ||   295
       Reflection        |       |       |     1 |    19 ||    20

Table legend: (Time is in decaauts)
 A = Elapsed time spent in this place.
 B = Non-inter-level travel time spent in this place.
 C = Inter-level travel time spent in this place.
 D = Time resting spent in this place.
 E = Time spent auto-exploring this place.
 F = Levels seen in this place.
 G = Mean time per level.
                   A        B        C        D        E       F      G
               +--------+--------+--------+--------+--------+-----+--------+
         Total |   8964 |   8392 |    572 |    950 |   5473 |  12 |  747.0 |
       Dungeon |   7897 |   7413 |    484 |    616 |   5092 |   9 |  877.4 |
        Temple |    216 |    128 |     88 |      0 |    112 |   1 |  216.0 |
         Abyss |    435 |    435 |      0 |    334 |      0 |   1 |  435.0 |
         Sewer |    414 |    414 |      0 |      0 |    269 |   1 |  414.0 |
               +--------+--------+--------+--------+--------+-----+--------+

Top non-repeatable levels by time:
     D:7: 1345 daAuts
     D:6: 1157 daAuts
     D:2: 1073 daAuts
     D:8: 1059 daAuts
     D:5: 894 daAuts
     D:3: 839 daAuts
     D:1: 795 daAuts
     D:4: 648 daAuts
 Abyss:2: 435 daAuts
   Sewer: 414 daAuts
  Temple: 216 daAuts
     D:9: 85 daAuts
